AoeStats
← RazielCandevixx

Black Forest

504323264Analyzed
2v2 RM · 28d ago on Sep 4, 2026· 43m 38s· 4 players
Game mode
Random Map
Map size
Medium (4 player)
Population
200
Speed
Normal
Resources
Standard
Victory
Conquest
Starting age
Dark Age
Ending age
Imperial Age
RankedLock teamsTeams togetherTeam positionsShared explorationLock speedFull tech treeHidden civsTurbo modeCheats
Victory
Defeat
🇮🇳 Mongols · India
916
+32
🇬🇧 Huns · United Kingdom
857
+31
🇨🇱 Burgundians · Chile
886
-16
🇨🇱 Britons · Chile
876
-16
Nikox_2015
0:29 Loom
16:16 Feudal Age
20:38 Castle Age
21:33 Double-Bit Axe
21:30 Horse Collar
21:48 Pikeman
24:43 Man-at-Arms
35:59 Imperial Age
35:11 Padded Archer Armor
37:03 Wheelbarrow
36:34 Heavy Plow
37:40 Scale Mail Armor
37:53 Forging
39:11 Fletching
41:10 Hand Cart
RazielCandevixx
0:29 Loom
7:16 Double-Bit Axe
13:54 Feudal Age
20:21 Castle Age
18:13 Horse Collar
19:11 Heavy Plow
20:24 Bow Saw
24:54 Two-Man Saw
28:16 Gold Mining
29:05 Wheelbarrow
32:58 Imperial Age
30:48 Forging
31:42 Burgundian Vineyards
31:53 Pikeman
32:06 Elite Skirmisher
33:41 Town Watch
34:14 Hand Cart
35:49 Chemistry
34:41 Man-at-Arms
35:29 Town Watch
38:05 Iron Casting
37:31 Scale Mail Armor
37:36 Scale Barding Armor
39:05 Ballistics
38:17 Halberdier
43:19 Cavalier
44:00 Husbandry
charles.m.swiecicki
0:52 Loom
16:06 Feudal Age
17:22 Horse Collar
17:30 Double-Bit Axe
20:18 Castle Age
21:43 Bow Saw
21:36 Heavy Plow
27:18 Masonry
32:49 Imperial Age
31:16 Scale Barding Armor
31:22 Forging
31:32 Gold Mining
32:54 Chain Barding Armor
33:08 Capped Ram
33:11 Cavalier
33:55 Husbandry
33:27 Light Cavalry
35:10 Wheelbarrow
37:10 Iron Casting
36:42 Siege Ram
37:50 Bloodlines
38:54 Blast Furnace
40:15 Plate Barding Armor
39:48 Paladin
Jassi
1:26 Loom
11:08 Feudal Age
11:41 Double-Bit Axe
14:52 Horse Collar
18:02 Castle Age
16:31 Gold Mining
19:55 Bow Saw
20:31 Heavy Plow
23:20 Stone Mining
24:50 Gold Shaft Mining
25:43 Wheelbarrow
26:48 Hand Cart
26:34 Town Watch
29:52 Stone Shaft Mining
32:13 Imperial Age
30:29 Fletching
31:27 Ballistics
31:20 Fortified Wall
31:05 Murder Holes
31:09 Bodkin Arrow
31:37 Town Patrol
32:06 Padded Archer Armor
32:28 Scale Barding Armor
32:47 Caravan
33:02 Bracer
33:19 Leather Archer Armor
34:08 Chemistry
33:33 Conscription
33:42 Forging
34:07 Chain Barding Armor
33:49 Light Cavalry
34:40 Bloodlines
34:31 Husbandry
36:24 Iron Casting
36:09 Nomads
35:56 Hussar
37:40 Thumb Ring
38:03 Parthian Tactics
38:34 Siege Engineers
40:20 Blast Furnace
38:44 Elite Mangudai
39:54 Scale Mail Armor
Connection lost

Rejoining the realm…

Still unreachable

The connection could not be restored.

Session expired

The server has moved on; the page needs a fresh start.